 Dungeon Crawl Stone Soup version 0.16-b1 (webtiles) character file.

10096 McCoppin the Protected (level 11, -3/84 HPs)
             Began as a Human Abyssal Knight on Mar 10, 2015.
             Was a High Priest of Lugonu.
             Headbutted by a minotaur (17 damage)
             ... in a labyrinth.
             The game lasted 01:28:32 (16916 turns).

McCoppin the Protected (Human Abyssal Knight)      Turns: 16916, Time: 01:28:32

Health: -3/84      AC: 23    Str: 18    XL:     11   Next: 86%
Magic:  22/22      EV:  5    Int: 10    God:    Lugonu [*****.]
Gold:   684        SH: 12    Dex: 13    Spells: 0 memorised, 10 levels left

rFire  . . .     SeeInvis .     l - +1 whip
rCold  . . .     Clarity  .     J - +0 plate armour
rNeg   . . .     SustAb   .     S - +2 shield
rPois  .         Gourm    .     M - +0 helmet
rElec  .         Spirit   .     A - +2 cloak
rCorr  .         Warding  .     (no gloves)
rMut   .         Stasis   .     u - +0 pair of boots
MR     +....                    d - amulet of regeneration
Stlth  ..........               s - ring of protection from magic
                                K - ring of stealth

@: very slightly contaminated, hasted, wreathed by umbra, very quick, somewhat
resistant to hostile enchantments, extremely unstealthy
A: hooves 1, icy blue scales 1, dopey 1, mutation resistance 1, shaggy fur 1,
strong 1
a: Depart the Abyss, Bend Space, Banish, Corrupt, Enter the Abyss, Renounce
Religion


You were in a labyrinth.
You worshipped Lugonu.
Lugonu was extremely pleased with you.
You were not hungry.

You visited 1 branch of the dungeon, and saw 11 of its levels.
You visited the Abyss 1 time.
You also visited: Labyrinth.

You collected 684 gold pieces.

Inventory:

Hand weapons
 a - a +1 mace
 h - a +1 blowgun
 l - a +1 whip (weapon)
Missiles
 C - 12 poisoned needles
Armour
 b - a +0 leather armour
 g - a +3 buckler
 o - a +0 cloak
 u - a +0 pair of boots (worn)
 y - a +0 scale mail
 A - a +2 cloak (worn)
 G - a +2 leather armour of positive energy
 J - a +0 plate armour (worn)
 M - a +0 helmet (worn)
 S - a +2 shield (worn)
 V - the +3 leather armour of Dekemn {rPois MR- Int-3 Dex+4 Stlth+}
   (You found it on level 11 of the Dungeon)

   It affects your intelligence (-3).
   It affects your dexterity (+4).
   It protects you from poison.
   It affects your resistance to hostile enchantments.
   It makes you more stealthy.
Jewellery
 c - an uncursed ring of protection from cold
 d - an amulet of regeneration (around neck)
 s - a ring of protection from magic (right hand)
 D - a -2 ring of slaying
 E - an uncursed ring of flight
 K - a ring of stealth (left hand)
 T - an uncursed ring of ice
Magical devices
 m - a wand of heal wounds (2)
 v - a wand of flame (34)
 H - a wand of teleportation (6)
 N - a wand of polymorph (9)
 O - a wand of confusion (33)
 Q - a wand of paralysis (12)
 W - a wand of flame (30)
Scrolls
 e - 3 scrolls of recharging
 i - a scroll of random uselessness
 j - a scroll of fog
 q - 4 scrolls of identify
 r - a scroll of enchant armour
 I - a scroll of remove curse
 P - a scroll of magic mapping
 R - a scroll of enchant weapon
 U - a scroll of teleportation
Potions
 f - a potion of restore abilities
 n - 5 potions of brilliance
 t - 4 potions of curing
 B - a potion of heal wounds
Books
 w - Hoep's Tome of Displacement
   (You found it on level 8 of the Dungeon)

   Spells                             Type                      Level
   a - Shroud of Golubria             Charms/Translocation         2
   b - Blink                          Translocation                2
   c - Passage of Golubria            Translocation                4
   d - Summon Forest                  Summoning/Translocation      5
 x - a book of Enchantments

   Spells                             Type                      Level
   a - Tukima's Dance                 Hexes                        3
   b - Cause Fear                     Hexes                        4
   c - Silence                        Hexes/Air                    5
   d - Deflect Missiles               Charms/Air                   6
   e - Haste                          Charms                       6
   f - Discord                        Hexes                        8
Comestibles
 k - 5 meat rations
 p - 3 beef jerkies
 z - 6 slices of pizza


   Skills:
 - Level 7.0 Fighting
 + Level 11.0 Maces & Flails
 - Level 11.4 Armour
 - Level 1.0 Dodging
 - Level 6.1 Shields
 - Level 7.1 Invocations


You had 10 spell levels left.
You didn't know any spells.

Dungeon Overview and Level Annotations

Branches:
Dungeon (11/15)            Temple (0/1) D:6            Lair (0/8) D:11
    Orc: D:9-12

Altars:
Ashenzari
Fedhas
Makhleb
Ru
Xom
Yredelemnul
The Shining One

Annotations:
D:7 corrupted
Abyss:1 Erolcha, Menkaure, Prince Ribbit


Innate Abilities, Weirdness & Mutations

You have large cloven feet.
You are partially covered in icy blue scales (AC +1).
You are dopey. (Int -2)
You are somewhat resistant to further mutation.
You are covered in fur (AC +1).
Your muscles are strong. (Str +2)


Message History

Something headbutts you, but does no damage.
You closely miss something. You miss something.
Something furiously retaliates!
Something headbutts you. Something hits you but does no damage.
Something gores you but does no damage.
You hit something. You closely miss something. You hit something.
Something hits you but does no damage. Something gores you but does no damage.
You closely miss something. You closely miss something. Something hits you!!
Something gores you.
* * * LOW HITPOINT WARNING * * *
You closely miss something.
Something furiously retaliates!
Something headbutts you.
* * * LOW HITPOINT WARNING * * *
You whack something! You hit something but do no damage. Something hits you!
* * * LOW HITPOINT WARNING * * *
Something gores you but does no damage.
You miss something.
Something furiously retaliates!
Something headbutts you!
You die...

### #
▓▓▓ # .
.#.# .
.#.# #
# #.# .
#.. #
..#.#
.## #
.#.#<#
### ##
. # . .
#.# #.
. ..
.#.
#.#@# #
#.# .
.#.#
#.#
...# #
.
#.###.#
### . #
#.#..
.. .
..# #..
######
### #.
. .#. .
. .
....##
. . ..
.. . .
# # # #
### #
## . #
#


There were no monsters in sight!

Vanquished Creatures
  A centaur warrior (D:8)
  3 hill giants
  A troll (D:11)
  A two-headed ogre (D:8)
  A wyvern (D:10)
  A human (D:7)
  A deep elf mage (D:10)
  A hippogriff (D:8)
  3 yaks (D:9)
  A soldier ant (D:10)
  A water moccasin (D:10)
  4 orc warriors
  5 sky beasts
  3 phantoms
  An ice beast (D:5)
  An eye of draining (D:10)
  6 ogres
  2 black bears
  6 centaurs
  A big kobold (D:8)
  A wyvern zombie (D:10)
  5 giant frogs
  3 scorpions
  A water moccasin zombie (D:7)
  8 killer bees
  2 crimson imps
  A goliath beetle (D:6)
  A giant frog zombie (D:6)
  3 orc priests
  A centaur zombie (D:6)
  A giant frog skeleton (D:6)
  3 iguanas
  4 jellies
  2 hounds
  8 orc wizards
  Natasha (D:3)
  9 worker ants
  4 sheep (D:7)
  3 hound zombies
  A mummy (D:10)
  Terence (D:3)
  2 worker ant zombies (D:4)
  A hound skeleton (D:4)
  12 adders
  5 gnolls
  A shadow imp (D:6)
  2 giant mites
  A worm (D:2)
  3 adder zombies
  2 adder skeletons (D:4)
  5 giant geckos
  An ooze (D:3)
  31 orcs
  16 bats
  A bat skeleton (D:7)
  2 bat zombies
  4 giant cockroaches
  7 goblins
  13 hobgoblins
  2 quokkas
  A giant gecko zombie (D:5)
  4 giant newts
  15 jackals
  A jackal zombie (D:4)
  22 kobolds
  A quokka skeleton (D:4)
  14 rats
276 creatures vanquished.

Vanquished Creatures (others)
  A sky beast (D:7)
  A centaur (D:7)
  2 ice beasts
  An ogre (D:7)
  2 worker ants (D:7)
  An orc wizard (D:7)
  An adder skeleton (D:7)
  An orc (D:7)
  2 hobgoblins (D:7)
  A bat (D:7)
13 creatures vanquished.

Grand Total: 289 creatures vanquished

Notes
Turn   | Place    | Note
--------------------------------------------------------------
     0 | Abyss:1  | McCoppin, the Human Abyssal Knight, began the quest for the Orb.
     0 | Abyss:1  | Reached XP level 1. HP: 18/18 MP: 1/1
    66 | Abyss:1  | Noticed a white draconian zombie
    76 | D:1      | Escaped the Abyss
   365 | D:1      | Reached XP level 2. HP: 20/24 MP: 2/2
   458 | D:1      | Acquired Lugonu's first power
   632 | D:2      | Reached XP level 3. HP: 26/29 MP: 3/3
   854 | D:2      | Found a blossoming altar of Fedhas.
   887 | D:2      | Reached skill level 4 in Maces & Flails
   887 | D:2      | Reached XP level 4. HP: 35/35 MP: 5/5
  1443 | D:3      | Acquired Lugonu's second power
  1461 | D:3      | Reached XP level 5. HP: 32/41 MP: 6/6
  1591 | D:3      | Reached skill level 5 in Maces & Flails
  2109 | D:3      | Reached XP level 6. HP: 29/47 MP: 7/7
  2163 | D:3      | Noticed Natasha
  2172 | D:3      | Killed Natasha
  2172 | D:3      | Reached skill level 6 in Maces & Flails
  2273 | D:3      | Acquired Lugonu's third power
  2363 | D:3      | Noticed Terence
  2396 | D:3      | Killed Terence
  3260 | D:4      | Reached XP level 7. HP: 45/52 MP: 9/9
  3275 | D:4      | Reached skill level 7 in Maces & Flails
  3455 | D:4      | Acquired Lugonu's fourth power
  4106 | D:5      | Entered Level 5 of the Dungeon
  4205 | D:5      | Gained mutation: You are dopey. (Int -2) [mutagenic meat]
  4206 | D:5      | Gained mutation: You are partially covered in icy blue scales (AC +1). [mutagenic meat]
  4207 | D:5      | Gained mutation: Your muscles are strong. (Str +2) [mutagenic meat]
  4312 | D:5      | Reached skill level 8 in Maces & Flails
  4413 | D:5      | Reached XP level 8. HP: 24/58 MP: 10/10
  4527 | D:5      | Reached skill level 9 in Maces & Flails
  4617 | D:5      | Reached XP level 9. HP: 62/72 MP: 10/19
  4800 | D:5      | Noticed Prince Ribbit
  5110 | D:5      | Banished Prince Ribbit
  6082 | D:6      | Noticed Menkaure
  6102 | D:6      | Banished Menkaure
  6233 | D:6      | Reached skill level 10 in Maces & Flails
  6668 | D:6      | Found a staircase to the Ecumenical Temple.
  6929 | D:7      | Reached XP level 10. HP: 79/79 MP: 21/21
  7345 | D:7      | Corrupted D:7
  7345 | D:7      | Noticed a hell hog
  7345 | D:7      | Noticed an iron dragon skeleton
  7345 | D:7      | Noticed a worldbinder
  7345 | D:7      | Noticed a large abomination
  7345 | D:7      | Noticed a rust devil
  7345 | D:7      | Noticed a revenant
  7345 | D:7      | Noticed an anaconda skeleton
  7345 | D:7      | Noticed a thrashing horror
  7350 | D:7      | Noticed a rust devil
  7353 | D:7      | Noticed a worldbinder
  7354 | D:7      | Noticed a tentacled starspawn
  7355 | D:7      | Noticed a cyan very ugly thing
  7365 | D:7      | Noticed a tentacled starspawn
  7366 | D:7      | Noticed a tentacled starspawn
  7373 | D:7      | Noticed an orange demon
  8065 | D:8      | Found a burning altar of Makhleb.
  8110 | D:8      | Found a basalt altar of Yredelemnul.
  8116 | D:8      | Found a sacrificial altar of Ru.
  8117 | D:8      | Found a shimmering altar of Xom.
  8117 | D:8      | Found a shattered altar of Ashenzari.
  8245 | D:8      | Identified Hoep's Tome of Displacement
  8628 | D:8      | Reached skill level 11 in Maces & Flails
  9209 | D:8      | Noticed a centaur warrior
  9238 | D:8      | Killed a centaur warrior
  9371 | D:7      | Noticed a hill giant
  9418 | D:7      | Killed a hill giant
 10020 | D:7      | Reached XP level 11. HP: 75/84 MP: 22/22
 10556 | D:6      | Gained mutation: You are covered in fur (AC +1). [mutagenic meat]
 10956 | D:8      | Noticed an iron golem
 10956 | D:8      | Noticed an iron golem
 10956 | D:8      | Noticed an iron golem
 10956 | D:8      | Noticed an iron golem
 11573 | D:9      | Found a glowing golden altar of the Shining One.
 11608 | D:9      | Acquired Lugonu's fifth power
 12100 | D:10     | Entered Level 10 of the Dungeon
 12111 | D:10     | Noticed Erolcha
 12146 | D:9      | Paralysed by something for 3 turns
 12150 | D:9      | Banished Erolcha
 12316 | D:10     | Reached skill level 10 in Armour
 13180 | D:10     | Noticed a hill giant
 13226 | D:10     | Killed a hill giant
 13506 | D:10     | Gained mutation: You are somewhat resistant to further mutation. [mutagenic meat]
 13507 | D:10     | Gained mutation: You have large cloven feet. [mutagenic meat]
 13923 | D:11     | Found a staircase to the Lair.
 13937 | D:11     | Noticed a hill giant
 13964 | D:11     | Killed a hill giant
 13967 | D:11     | Got a smoking leather armour
 14006 | D:11     | Found a labyrinth entrance.
 14097 | D:11     | Identified the +3 leather armour of Dekemn {rPois MR- Int-3 Dex+4 Stlth+} (You found it on level 11 of the Dungeon)
 14108 | Lab      | Entered a labyrinth
 16887 | Lab      | Noticed a minotaur
 16916 | Lab      | Headbutted by a minotaur

Action                   |  1- 3 |  4- 6 |  7- 9 | 10-12 || total
-------------------------+-------+-------+-------+-------++-------
Melee: Mace              |    44 |       |       |       ||    44
       Whip              |    82 |   468 |   844 |  1737 ||  3131
       Blowgun           |       |       |       |   511 ||   511
 Fire: Blowgun           |       |       |    10 |    30 ||    40
Throw: Throwing net      |       |       |     2 |     1 ||     3
Invok: Depart the Abyss  |     1 |       |       |       ||     1
       Bend Space        |       |     1 |       |     4 ||     5
       Banish            |       |       |     4 |     5 ||     9
       Corrupt           |       |       |       |     1 ||     1
  Use: Scroll            |       |       |    13 |     5 ||    18
       Potion            |       |       |     4 |     5 ||     9
 Stab: Sleeping          |     1 |       |       |       ||     1
       Invisible         |       |       |       |     1 ||     1
  Eat: Chunk             |     1 |    10 |    14 |    22 ||    47
       Bread ration      |       |       |     2 |     5 ||     7
       Meat ration       |       |       |       |     1 ||     1
       Pizza             |       |       |       |     2 ||     2
       Royal jelly       |       |       |       |     1 ||     1
